 Dungeon Crawl Stone Soup version 0.23-a0-629-gae4348f (webtiles) character file.

88 Darkshadow the Skirmisher (level 4, -5/41 HPs)
             Began as a Minotaur Berserker on Dec 25, 2018.
             Was a Follower of Trog.
             Killed from afar by an orc wizard (6 damage)
             ... with a magic dart
             ... on level 3 of the Dungeon.
             The game lasted 00:02:47 (1432 turns).

Darkshadow the Skirmisher (Minotaur Berserker)      Turns: 1432, Time: 00:02:47

Health: -5/41      AC:  2    Str: 21    XL:     4   Next: 30%
Magic:  3/3        EV: 13    Int:  4    God:    Trog [*.....]
Gold:   56         SH:  0    Dex: 11    Spells: 3/3 levels left

rFire    . . .     SeeInvis .   a - +0 mace
rCold    . . .     Gourm    .   (no shield)
rNeg     . . .     Faith    .   b - +0 animal skin
rPois    .         Spirit   .   (helmet restricted)
rElec    .         Reflect  .   (no cloak)
rCorr    .         Harm     .   (no gloves)
MR       .....                  (no boots)
Stlth    +.........             (no amulet)
HPRegen  0.13/turn              (no ring)
MPRegen  0.08/turn              (no ring)

@: no status effects
A: retaliatory headbutt, horns 2
a: Berserk, Renounce Religion


You were on level 3 of the Dungeon.
You worshipped Trog.
Trog was aware of your devotion.
You were near starving.

You visited 1 branch of the dungeon, and saw 4 of its levels.

You collected 56 gold pieces.

Inventory:

Hand Weapons
 a - a +0 mace (weapon)
Missiles
 d - 48 stones (quivered)
Armour
 b - a +0 animal skin (worn)
Jewellery
 g - an uncursed ring of see invisible {unknown}
Wands
 h - a wand of flame (23)
Scrolls
 f - a scroll of enchant armour {unknown}
 i - 3 scrolls of noise {unknown}
Potions
 e - a potion of heal wounds {unknown}
Comestibles
 c - 2 rations


   Skills:
 + Level 4.4 Fighting
 * Level 4.4 Maces & Flails
 + Level 3.4 Armour
 - Level 3.1 Dodging


You had 3 spell levels left.
You didn't know any spells.
Your spell library was empty.

Dungeon Overview and Level Annotations

Branches:
Dungeon (4/15)
 Temple: D:4-7

Altars:


Innate Abilities, Weirdness & Mutations

You reflexively headbutt those who attack you in melee.
You have a pair of horns on your head.


Message History

* * * LOW HITPOINT WARNING * * *
You bump into the rock wall.
You are near starving!
Something hits you.
* * * LOW HITPOINT WARNING * * *
You bump into the rock wall.
You feel less confused. Something hits you.
* * * LOW HITPOINT WARNING * * *
You barely miss something. Something hits you but does no damage.
You hit something.
You hear some strange, mumbled words.
Something tries to affect you, but you resist.
Something hits you.
* * * LOW HITPOINT WARNING * * *
Okay, then.
You hear some strange, mumbled words.
A magic dart appears from out of thin air!
The magic dart hits you!
You die...

####### #.....#
#...>.# . #
#.....## . ..
#......## .# ...
#.....{.# ###.##
...
#.....#@##.....#
.S #.....#..#...#
#.##.######.....#
#....# ##....#
#...## #.#.....#
#.#.# #...#....
#.#.. #.### ... #
##. #.. .. s. #..


There were no monsters in sight!

Vanquished Creatures
  A hound (D:4)
  A worker ant (D:4)
  An adder (D:3)
  An ooze (D:1)
  3 giant cockroaches
  4 goblins (D:1)
  2 hobgoblins (D:1)
  2 ball pythons (D:1)
  2 bats (D:1)
  5 kobolds (D:1)
22 creatures vanquished.

Notes
Turn   | Place    | Note
-------+----------+-------------------------------------------
     0 | D:1      | Darkshadow the Minotaur Berserker began the quest for the
                  | Orb.
     0 | D:1      | Reached XP level 1. HP: 19/19 MP: 0/0
    80 | D:1      | Reached XP level 2. HP: 22/27 MP: 1/1
  1169 | D:2      | You fall through a shaft for 2 floors!
  1177 | D:4      | Reached XP level 3. HP: 33/33 MP: 2/2
  1180 | D:4      | Reached XP level 4. HP: 41/41 MP: 3/3
  1431 | D:3      | HP: 1/41 [something (3)]
  1432 | D:3      | Killed from afar by an orc wizard

Vault maps used:
D:1:      dpeg_arrival_court, minivault_11
D:2:      old_standard_altar, minmay_randomly_rotated_circles, uniq_terence
D:3:      minmay_evil_eye, uniq_grinder
D:4:      nicolae_overflow_hidden_temple, minmay_temple_entry_ruins,
          serial_co_window_serial, co_window_paths_a, co_window_paths_b,
          co_window_paths_b, co_window_paths_a, co_window_cross_1,
          co_window_2corner, co_window_broadway_a, co_window_of_opportunity_b,
          co_window_2corner, co_window_of_opportunity_c, co_window_paths_e,
          co_window_paths_d, glass_columns_a, glass_columns_b, glass_columns_b,
          uniq_robin, uniq_sigmund, uniq_ijyb

Skill      XL: |  1  2  3 |
---------------+----------+-----
Maces & Flails | 4 |  4.4
Fighting       | 4 |  4.4
Armour         | 3 |  3.4
Dodging        | 3 |  3.1

Action                   |  1- 3 |  4- 6 || total
-------------------------+-------+-------++-------
Melee: Mace              |    45 |    20 ||    65
       Headbutt          |     6 |     3 ||     9
Invok: Berserk           |     1 |       ||     1
  Eat: Chunk             |       |     1 ||     1
Armor: Animal skin       |     2 |     6 ||     8
Dodge: Dodged            |    31 |     8 ||    39

Table legend:
 A = Non-vault XP
 B = Vault XP
 C = Vault XP percentage of total XP
 D = Non-vault monster count
 E = Vault monster count
 F = Vault count percentage of total count
                 A         B        C        D         E       F
            +---------+---------+-------+---------+---------+-------
      Total |     127 |       0 |   0.0 |      22 |       0 |   0.0
            +---------+---------+-------+---------+---------+-------
        D:1 |      34 |       0 |   0.0 |      18 |       0 |   0.0
        D:3 |      15 |       0 |   0.0 |       2 |       0 |   0.0
        D:4 |      78 |       0 |   0.0 |       2 |       0 |   0.0
            +---------+---------+-------+---------+---------+-------
